 Dungeon Crawl Stone Soup version 0.21.1-1-g345015f (webtiles) character file.

104 Ethylacetat the Slasher (level 4, -1/40 HPs)
             Began as a Naga Gladiator on July 31, 2018.
             Killed by divine providence
             ... invoked by an orc priest
              (9 damage)
             ... on level 3 of the Dungeon.
             The game lasted 00:08:07 (2306 turns).

Ethylacetat the Slasher (Naga Gladiator)            Turns: 2306, Time: 00:08:08

Health: -1/40      AC:  3    Str: 17    XL:     4   Next: 80%
Magic:  4/4        EV: 10    Int:  8    God:
Gold:   29         SH:  0    Dex: 13    Spells: 3/3 levels left

rFire    . . .     SeeInvis +   a - +0 long sword
rCold    . . .     Gourm    .   (no shield)
rNeg     . . .     Faith    .   b - +0 leather armour
rPois    +         Spirit   .   c - +0 helmet
rElec    .         Reflect  .   (no cloak)
rCorr    .         Harm     .   (no gloves)
MR       .....                  (no barding)
Stlth    +.........             (no amulet)
HPRegen  0.13/turn              (no ring)
MPRegen  0.09/turn              (no ring)

@: very slow
A: large, see invisible, deformed body, poison resistance, slowness 2, slow
metabolism 1, spit poison 1, AC +1
a: Spit Poison


You were on level 3 of the Dungeon.
You were not hungry.

You visited 1 branch of the dungeon, and saw 3 of its levels.

You collected 29 gold pieces.

Inventory:

Hand Weapons
 a - a +0 long sword (weapon)
Missiles
 d - 3 throwing nets (quivered)
Armour
 b - a +0 leather armour (worn)
 c - a +0 helmet (worn)
Scrolls
 e - 3 scrolls of remove curse {unknown}
 h - a scroll of enchant armour {unknown}
 l - a scroll of identify {unknown}
 m - 3 scrolls of enchant weapon {unknown}
 o - a scroll of noise {unknown}
Potions
 g - a potion of invisibility
 i - a potion of curing {unknown}
 j - a potion of magic {unknown}
 k - a potion of haste {unknown}
 n - a potion of mutation {unknown}
Comestibles
 f - 2 rations
 p - 2 chunks of flesh


   Skills:
 + Level 2.9 Fighting
 * Level 4.4 Long Blades
 - Level 2.0 Throwing
 - Level 2.7 Dodging


You had 3 spell levels left.
You didn't know any spells.

Dungeon Overview and Level Annotations

Branches:
Dungeon (3/15)

Altars:


Innate Abilities, Weirdness & Mutations

You cannot wear boots.
Your serpentine skin is tough. (AC +1)
You have supernaturally acute eyesight. (SInv)
Armour fits poorly on your strangely shaped body.
Your system is resistant to poisons. (rPois)
You cover ground very slowly.
You have a slow metabolism.
You can spit poison.


Message History

The orc is moderately wounded.
The orc hits you.
You hit the orc.
You kill the orc!
The orc priest mumbles some strange prayers to Beogh against you.
Beogh smites you!
* * * LOW HITPOINT WARNING * * *
You are too injured to fight recklessly!
You are too injured to fight recklessly!
You are too injured to fight recklessly!
You are too injured to fight recklessly!
You are too injured to fight recklessly!
You are too injured to fight recklessly!
You hit the kobold.
You kill the kobold!
You closely miss the orc priest.
The orc priest is moderately wounded.
The orc priest calls down the wrath of Beogh upon you.
Beogh smites you!
You die...

###########.#
###...)(.......
......).#
.##.###@# ##o##
#.<.# #.......#
#.##...#.# #
##.##.# #.# #
#.# ...


You could see an orc priest.

Vanquished Creatures
  3 adders (D:2)
  A dart slug (D:1)
  2 leopard geckos (D:2)
  4 orcs (D:3)
  2 giant cockroaches (D:1)
  3 goblins (D:1)
  9 hobgoblins
  11 jackals (D:1)
  9 kobolds
  A quokka (D:2)
  3 ball pythons
  6 bats
  A frilled lizard (D:2)
  9 rats
64 creatures vanquished.

Notes
Turn   | Place    | Note
-------+----------+-------------------------------------------
     0 | D:1      | Ethylacetat the Naga Gladiator began the quest for the Orb.
     0 | D:1      | Reached XP level 1. HP: 19/19 MP: 1/1
   344 | D:1      | Reached XP level 2. HP: 26/26 MP: 2/2
   808 | D:1      | Reached XP level 3. HP: 32/32 MP: 3/3
   813 | D:1      | You fall through a shaft!
  1788 | D:2      | Reached skill level 4 in Long Blades
  1788 | D:2      | Reached XP level 4. HP: 32/40 MP: 4/4
  2306 | D:3      | Killed from afar by an orc priest

Skill      XL: |  1  2  3 |
---------------+----------+-----
Throwing       | 2 |  2.0
Long Blades    | 4 |  4.4
Fighting       | |  2.9
Dodging        | |  2.7

Action                   |  1- 3 |  4- 6 || total
-------------------------+-------+-------++-------
Melee: Long sword        |    96 |    48 ||   144
 Abil: Spit Poison       |     2 |       ||     2
  Use: Potion            |     2 |       ||     2
 Stab: Sleeping          |       |     1 ||     1
  Eat: Chunk             |     2 |     1 ||     3
Armor: Leather armour    |    46 |    11 ||    57
       Skin              |    15 |       ||    15
Dodge: Dodged            |    81 |    44 ||   125
       Rpst.: Long sword |    24 |    18 ||    42
